AoeStats
← BigCozy101

Black Forest

510450997Analyzed
3v3 RM · 1d ago on Oct 1, 2026· 66m 22s· 6 players
Game mode
Random Map
Map size
Normal (6 player)
Population
200
Speed
Normal
Resources
Standard
Victory
Conquest
Starting age
Dark Age
Ending age
Imperial Age
RankedLock teamsTeams togetherTeam positionsShared explorationLock speedFull tech treeHidden civsTurbo modeCheats
Victory
Defeat
🇨🇦 Turks · Canada
747
+11
🇨🇴 Goths · Colombia
722
+12
🇨🇦 Persians · Canada
672
+13
🇺🇸 Malians · United States
679
-21
🇺🇸 Britons · United States
610
-11
🇺🇸 Spanish · United States
598
-11
Gack13579
16:45 Feudal Age
18:23 Double-Bit Axe
24:08 Castle Age
23:05 Fletching
23:25 Stone Mining
27:07 Crossbowman
27:44 Horse Collar
31:40 Fortified Wall
32:04 Padded Archer Armor
33:50 Bow Saw
33:43 Heavy Plow
35:45 Caravan
39:07 Yeomen
41:08 Gambesons
40:46 Man-at-Arms
42:00 Forging
43:53 Long Swordsman
BigCozy101
7:39 Loom
14:25 Feudal Age
15:13 Horse Collar
15:24 Double-Bit Axe
20:09 Castle Age
20:36 Scale Mail Armor
20:48 Forging
22:07 Heavy Plow
21:42 Man-at-Arms
25:46 Bloodlines
29:00 Wheelbarrow
28:11 Town Watch
34:04 Imperial Age
31:37 Gold Mining
31:37 Stone Mining
35:15 Town Patrol
35:31 Hand Cart
35:37 Bow Saw
35:01 Long Swordsman
35:42 Squires
35:29 Arson
36:11 Cavalier
36:52 Husbandry
38:02 Ballistics
37:34 Elite Gbeto
39:09 Iron Casting
38:40 Scale Barding Armor
39:37 Masonry
40:30 Chemistry
39:51 Chain Mail Armor
41:25 Crop Rotation
41:14 Farimba
41:39 Caravan
41:26 Two-Handed Swordsman
41:27 Pikeman
42:52 Fletching
48:06 Champion
50:51 Capped Ram
61:01 Plate Mail Armor
Jazzbum
12:14 Feudal Age
14:17 Loom
19:19 Castle Age
25:59 Horse Collar
26:06 Double-Bit Axe
26:17 Gold Mining
26:23 Stone Mining
28:07 Heavy Plow
28:25 Bow Saw
38:05 Imperial Age
35:31 Man-at-Arms
36:13 Squires
36:03 Gambesons
36:29 Squires
36:22 Arson
36:29 Arson
36:46 Gold Mining
37:33 Stone Shaft Mining
37:44 Wheelbarrow
36:58 Town Watch
37:18 Caravan
38:24 Husbandry
38:35 Bloodlines
38:14 Cavalier
38:17 Long Swordsman
39:09 Forging
39:00 Scale Mail Armor
39:05 Scale Barding Armor
40:20 Two-Man Saw
39:05 Elite Conquistador
39:22 Elite Conquistador
40:03 Inquisition
40:23 Supremacy
39:28 Two-Handed Swordsman
41:30 Hand Cart
40:44 Champion
40:47 Paladin
42:16 Town Patrol
44:57 Iron Casting
44:37 Chain Mail Armor
44:42 Chain Barding Armor
44:15 Fletching
44:25 Padded Archer Armor
44:51 Ballistics
45:34 Chemistry
44:58 Ballistics
44:39 Murder Holes
48:20 Blast Furnace
47:50 Plate Mail Armor
47:56 Plate Barding Armor
Cigarette Lobster
0:33 Loom
18:47 Feudal Age
22:51 Castle Age
21:02 Double-Bit Axe
24:18 Bow Saw
24:19 Fishing Lines
27:54 Fervor
30:13 Caravan
30:54 Gold Mining
31:59 Fortified Wall
32:46 Wheelbarrow
31:59 Town Watch
33:03 Horse Collar
34:08 Gillnets
35:25 Gold Shaft Mining
35:00 Stone Mining
35:13 Heavy Plow
36:08 Hand Cart
40:17 Imperial Age
38:19 Forging
38:10 Scale Mail Armor
40:12 Iron Casting
40:00 Squires
39:46 Arson
40:21 Chain Mail Armor
40:39 Ballistics
42:01 Blast Furnace
41:21 Guilds
42:46 Two-Man Saw
45:04 Plate Mail Armor
44:25 Fletching
44:36 Padded Archer Armor
45:00 Conscription
44:04 Elite Janissary
46:05 Murder Holes
46:11 Bodkin Arrow
47:21 Leather Archer Armor
47:50 Coinage
50:12 Bracer
50:43 Ring Archer Armor
50:29 Masonry
51:58 Banking
55:30 Bloodlines
56:00 Architecture
55:37 Scale Barding Armor
54:58 Heavy Camel Rider
55:58 Husbandry
55:53 Cavalier
57:14 Chain Barding Armor
57:13 Town Patrol
61:05 Plate Barding Armor
Ironic
1:24 Loom
17:20 Feudal Age
18:41 Fletching
18:53 Padded Archer Armor
22:08 Castle Age
20:38 Horse Collar
22:13 Wheelbarrow
21:31 Double-Bit Axe
25:25 Heavy Plow
30:55 Bow Saw
31:22 Caravan
33:38 Masonry
34:12 Hand Cart
33:43 Town Watch
34:08 Crossbowman
34:54 Thumb Ring
34:51 Bodkin Arrow
36:33 Town Patrol
36:03 Elite Skirmisher
37:14 Ballistics
37:01 Murder Holes
39:12 Kamandaran
40:58 Leather Archer Armor
40:54 Forging
40:45 Scale Mail Armor
40:50 Scale Barding Armor
41:30 Gold Mining
41:33 Stone Mining
46:19 Imperial Age
47:07 Architecture
47:40 Chemistry
46:58 Citadels
47:09 Conscription
46:18 Elite War Elephant
47:37 Hoardings
48:47 Husbandry
48:58 Bloodlines
48:10 Cavalier
49:27 Ring Archer Armor
49:34 Iron Casting
49:20 Chain Barding Armor
49:15 Savar
54:01 Two-Man Saw
54:36 Plate Barding Armor
57:33 Crop Rotation
luhigy23
0:37 Loom
13:32 Feudal Age
14:15 Fishing Lines
15:14 Wheelbarrow
19:00 Castle Age
18:27 Double-Bit Axe
29:05 Bow Saw
28:44 Horse Collar
30:51 Hand Cart
31:25 Anarchy
31:27 Squires
31:20 Gold Mining
31:28 Town Watch
32:44 Heavy Plow
32:43 Stone Mining
36:38 Imperial Age
35:06 Scale Mail Armor
35:16 Forging
36:35 Chain Mail Armor
38:06 Iron Casting
37:58 Conscription
37:27 Elite Huskarl
38:10 Perfusion
39:51 Blast Furnace
39:50 Conscription
43:11 Crop Rotation
43:46 Two-Man Saw
45:00 Chemistry
44:21 Ballistics
43:41 Treadmill Crane
46:09 Pikeman
46:54 Halberdier
Connection lost

Rejoining the realm…

Still unreachable

The connection could not be restored.

Session expired

The server has moved on; the page needs a fresh start.